 Dungeon Crawl Stone Soup version 0.25.0-1-g7eea58d2a3 (webtiles) character file.

Game seed: 11613339901286153405

6040 gruber the Markscentaur (level 10, 0/73 HPs)
             Began as a Centaur Hunter on June 14, 2020.
             Was a Priest of Okawaru.
             Slain by an unseen horror (3 damage)
             ... on level 11 of the Dungeon.
             The game lasted 00:13:00 (12103 turns).

gruber the Markscentaur (Centaur Hunter)           Turns: 12103, Time: 00:13:01

Health: 0/73       AC: 13    Str: 17    XL:     10   Next: 56%
Magic:  14/14      EV: 10    Int: 12    God:    Okawaru [***...]
Gold:   547        SH:  5    Dex: 16    Spells: 9/9 levels left

rFire    . . .     SeeInvis .   P - +4 mace (protect)
rCold    + + .     Gourm    .   (no shield)
rNeg     + + .     Faith    .   F - +0 leather armour of Woiprafo {rN+ Dex+5}
rPois    +         Spirit   .   s - +1 helmet
rElec    .         Reflect  +   g - scarf {repulsion}
rCorr    .         Harm     .   (no gloves)
MR       .....                  (no barding)
Stlth    ..........             a - amulet of Vuatruas {Reflect rPois rN+ Int+2 SH+5 Stlth-}
HPRegen  0.22/turn              b - ring of protection from cold
MPRegen  0.14/turn              T - ring of protection from cold

@: protection aura, repel missiles, very quick
A: large, hooves 3, deformed body, speed 2, tough skin 3
a: Heroism, Renounce Religion


You were on level 11 of the Dungeon.
You worshipped Okawaru.
Okawaru was most pleased with you.
You were not hungry.

You visited 2 branches of the dungeon, and saw 12 of its levels.

You collected 694 gold pieces.
You spent 147 gold pieces at shops.

Inventory:

Hand Weapons
 J - a +3 shortbow
 P - a +4 mace of protection (weapon)
Missiles
 d - 67 arrows
Armour
 g - a scarf of repulsion (worn)
 s - a +1 helmet (worn)
 F - the +0 leather armour of Woiprafo (worn) {rN+ Dex+5}
   (You found it on level 5 of the Dungeon)

   It affects your dexterity (+5).
   It protects you from negative energy.
Jewellery
 a - the amulet of Vuatruas (around neck) {Reflect rPois rN+ Int+2 SH+5 Stlth-}
   (You found it on level 6 of the Dungeon)

   [amulet of reflection]

   It shields you and reflects attacks.
   It affects your intelligence (+2).
   It protects you from poison.
   It protects you from negative energy.
   It affects your SH (+5).
   It makes you less stealthy.
 b - a ring of protection from cold (left hand)
 T - a ring of protection from cold (right hand)
 U - an uncursed ring of positive energy
Wands
 o - a wand of disintegration (40)
 y - a wand of digging (6)
 z - a wand of iceblast (16)
 L - a wand of random effects (49)
 M - a wand of flame (27)
 N - a wand of acid (8)
 R - a wand of paralysis (7)
Scrolls
 e - 2 scrolls of enchant armour
 i - a scroll of blinking {unknown}
 k - 5 scrolls of teleportation
 r - 5 scrolls of magic mapping
 t - 2 scrolls of enchant weapon {unknown}
 u - a scroll of immolation {unknown}
 v - 2 scrolls of fear {unknown}
 x - 6 scrolls of remove curse
 B - 8 scrolls of identify
 G - 2 scrolls of amnesia {unknown}
 Q - a scroll of fog {unknown}
Potions
 c - 3 potions of haste {unknown}
 h - 5 potions of invisibility
 j - 3 potions of curing
 l - a potion of cancellation
 m - a potion of stabbing
 n - a potion of mutation {unknown}
 p - a potion of resistance
 q - 2 potions of heal wounds {unknown}
 w - 2 potions of degeneration {unknown}
 A - 2 potions of might {unknown}
 C - a potion of brilliance {unknown}
 E - 2 potions of berserk rage {unknown}
 I - a potion of ambrosia {unknown}
 O - 2 potions of flight {unknown}
Comestibles
 f - 13 rations
 D - 4 chunks of flesh


   Skills:
 - Level 2.0 Fighting
 - Level 18.2 Bows
 * Level 2.2 Dodging
 - Level 0.4 Stealth
 - Level 6.0 Invocations


You had 9 spell levels left.
You didn't know any spells.
Your spell library contained the following spells:

 Spells                   Type           Power        Failure   Level  Hunger
 Animate Skeleton         Necr           N/A          38%         1    ##.....
 Apportation              Tloc           #.....       38%         1    ##.....
 Corona                   Hex            #......      38%         1    ##.....
 Magic Dart               Conj           #...         38%         1    ##.....
 Sandblast                Erth           #.....       38%         1    ##.....
 Summon Small Mammal      Summ           #...         38%         1    ##.....
 Blink                    Tloc           N/A          52%         2    ###....
 Call Imp                 Summ           #.......     52%         2    ###....
 Passwall                 Tmut/Erth      #.......     52%         2    ###....
 Slow                     Hex            #.......     52%         2    ###....
 Conjure Flame            Conj/Fire      #.......     77%         3    ####...
 Mephitic Cloud           Conj/Pois/Air  #.......     77%         3    ####...
 Stone Arrow              Conj/Erth      #.....       77%         3    ####...
 Petrify                  Tmut/Erth      #.......     99%         4    #####..
 Lee's Rapid Deconstruct  Erth           #.........   100%        5    ######.


Dungeon Overview and Level Annotations

Branches:
Dungeon (11/15)            Temple (1/1) D:6
   Lair: D:8-11         Orc: D:9-12

Altars:
Ashenzari
Cheibriados
Dithmenos
Elyvilon
Fedhas
Gozag
Hepliaklqana
Kikubaaqudgha
Makhleb
Nemelex Xobeh
Okawaru
Qazlal
Ru
Sif Muna
Trog
Uskayaw
Vehumet
Wu Jian
Xom
Yredelemnul
Zin
The Shining One
Beogh

Shops:
D:5 ?


Innate Abilities, Weirdness & Mutations

You have hooves in place of feet.
Armour fits poorly on your strangely shaped body.
You cover ground very quickly.
You have extremely tough skin. (AC +3)


Message History

Something hits you but does no damage.
You miss something. Your kick misses something.
Something completely misses you. Something hits you but does no damage.
You swing at nothing.
Something hits you!
* * * LOW HITPOINT WARNING * * *
You swing at nothing.
Something hits you but does no damage.
You swing at nothing.
Something hits you.
* * * LOW HITPOINT WARNING * * *
You swing at nothing.
Something hits you!
* * * LOW HITPOINT WARNING * * *
Something hits you.
* * * LOW HITPOINT WARNING * * *
You swing at nothing.
Something hits you.
* * * LOW HITPOINT WARNING * * *
You swing at nothing.
Something hits you.
* * * LOW HITPOINT WARNING * * *
You hit something.
Your weapon exudes an aura of protection.
Something hits you.
You die...

#............#
#............#
+............#
#............#
#..<.........#
#.......[....#
#........<...+
#............#
######@#######
#..# ##.#
#.........#
#...........
............#
###..........#
#..........#
#.........##


There were no monsters in sight!

Vanquished Creatures
  Pikel (D:6)
  Psyche (D:8)
  A tengu conjurer (D:11)
  2 hornets
  A hippogriff (D:9)
  Eustachio (D:5)
  Menkaure (D:4)
  A water moccasin (D:8)
  6 orc warriors
  3 sky beasts
  4 slaves (D:6)
  2 ice beasts
  A necrophage (D:9)
  A black bear (D:8)
  7 ogres
  2 phantoms (D:5)
  2 centaurs
  A big kobold (D:9)
  5 bullfrogs
  A gnoll sergeant (D:9)
  A scorpion (D:7)
  A water moccasin skeleton (D:10)
  3 wights (D:6)
  3 howler monkeys
  4 crimson imps
  A quasit (D:4)
  2 centaur zombies (D:7)
  A jelly (D:10)
  A centaur skeleton (D:9)
  5 orc priests
  Ijyb (D:4)
  A bullfrog skeleton (D:6)
  5 hounds
  A gnoll shaman (D:6)
  2 iguanas
  4 orc wizards
  3 worker ants
  2 hound skeletons (D:6)
  8 gnolls
  13 adders
  A shadow imp (D:6)
  3 adder skeletons
  2 dart slugs
  5 leopard geckos
  42 orcs
  6 bats
  7 giant cockroaches
  4 goblins
  7 hobgoblins
  8 jackals
  7 quokkas
  A ball python (D:2)
  3 frilled lizards
  14 kobolds
  5 rats
221 creatures vanquished.

Vanquished Creatures (others)
  A kobold (D:9)
1 creature vanquished.

Grand Total: 222 creatures vanquished

Notes
Turn   | Place    | Note
-------+----------+-------------------------------------------
     0 | D:1      | gruber the Centaur Hunter began the quest for the Orb.
     0 | D:1      | Reached XP level 1. HP: 17/17 MP: 1/1
   197 | D:1      | Reached XP level 2. HP: 16/24 MP: 2/2
   356 | D:1      | Reached skill level 6 in Bows
  1088 | D:2      | Noticed an ogre
  1118 | D:1      | Killed an ogre
  1118 | D:1      | Reached skill level 8 in Bows
  1118 | D:1      | Reached XP level 3. HP: 12/29 MP: 3/3
  1118 | D:1      | Reached XP level 4. HP: 15/36 MP: 4/4
  2108 | D:2      | Reached XP level 5. HP: 41/41 MP: 5/5
  2313 | D:2      | Found a sacrificial altar of Ru.
  2903 | D:3      | Found a faded altar of an unknown god.
  3167 | D:3      | Reached skill level 9 in Bows
  3593 | D:4      | Reached XP level 6. HP: 37/48 MP: 6/6
  3798 | D:4      | Noticed Ijyb
  3833 | D:4      | Killed Ijyb
  3833 | D:4      | Reached skill level 10 in Bows
  4330 | D:4      | Noticed Menkaure
  4336 | D:4      | Killed Menkaure
  4336 | D:4      | Reached skill level 11 in Bows
  4336 | D:4      | Reached XP level 7. HP: 55/55 MP: 7/7
  4686 | D:5      | Entered Level 5 of the Dungeon
  4686 | D:5      | Found Taosax's Magic Scroll Emporium.
  5208 | D:5      | Bought 2 scrolls of identify for 56 gold pieces
  5208 | D:5      | Bought a scroll of teleportation for 42 gold pieces
  5208 | D:5      | Bought a scroll of magic mapping for 49 gold pieces
  5215 | D:5      | Got a transparent leather armour
  5216 | D:5      | Identified the cursed +0 leather armour of Woiprafo {rN+
                  | Dex+5} (You found it on level 5 of the Dungeon)
  5254 | D:5      | Reached skill level 12 in Bows
  5423 | D:5      | Noticed Eustachio
  5442 | D:5      | Killed Eustachio
  5442 | D:5      | Reached skill level 13 in Bows
  5442 | D:5      | Reached XP level 8. HP: 36/61 MP: 8/8
  6126 | D:6      | Reached skill level 14 in Bows
  6716 | D:6      | Got a slimy ruby amulet
  6734 | D:6      | Identified the amulet of Vuatruas {Reflect rPois rN+ Int+2
                  | SH+5 Stlth-} (You found it on level 6 of the Dungeon)
  6921 | D:6      | Reached skill level 15 in Bows
  7077 | D:6      | Found a staircase to the Ecumenical Temple.
  7082 | Temple   | Entered the Ecumenical Temple
  7193 | Temple   | Became a worshipper of Warmaster Okawaru
  7245 | D:6      | Noticed Pikel
  7295 | D:6      | Killed Pikel
  7295 | D:6      | Reached XP level 9. HP: 60/67 MP: 9/9
  7531 | D:7      | Reached * piety under Okawaru
  7531 | D:7      | Reached skill level 16 in Bows
  8258 | D:7      | Reached skill level 17 in Bows
  8930 | D:8      | Reached ** piety under Okawaru
  9389 | D:8      | Found a roughly hewn altar of Beogh.
  9672 | D:8      | Found a radiant altar of Vehumet.
  9675 | D:8      | Noticed Psyche
  9687 | D:8      | Reached XP level 10. HP: 73/73 MP: 10/10
  9769 | D:8      | Killed Psyche
  9769 | D:8      | Reached skill level 18 in Bows
 10234 | D:9      | Reached skill level 1 in Invocations
 10602 | D:9      | Found a radiant altar of Vehumet.
 10852 | D:10     | Entered Level 10 of the Dungeon
 11127 | D:10     | Reached *** piety under Okawaru
 11127 | D:10     | Reached skill level 5 in Invocations
 12102 | D:11     | HP: 3/73 [something (2)]
 12103 | D:11     | Slain by an unseen horror

Illustrated notes

Levels and vault maps discovered:
D:1:      elethiomel_arrival_infinity_welcomes_careful_drivers,
          layout_loops_ring, chequers_serial_rivers_small_b,
          serial_bayou_pond_a, minmay_pentomino_v4
D:2:      layout_loops_ring, nicolae_ru_path_of_blood, first_ration,
          minivault_25
D:3:      layout_loops_cross, chequers_ecumenical_altar_simple_redux
D:4:      layout_cave_pods, uniq_ijyb, uniq_menkaure
D:5:      layout_rooms, serial_shops, shop, uniq_eustachio
D:6:      layout_basic, temple_doors_cd, uniq_pikel
D:7:      layout_gridville
D:8:      layout_loops_cross, special_room [special_room_orc],
          vehumet_altar_wand_db, uniq_psyche
D:9:      layout_gridville, basic_altar
D:10:     layout_loops_corners
D:11:     layout_roguey, dpeg_lair_monsters,
          kennysheep_orc_monster_closet_entryway,
          portal_ice_cave_entry_pillars_1
Temple:   kilobyte_greek_temple

Skill      XL: |  1  2  3  4  5  6  7  8  9 10 |
---------------+-------------------------------+-----
Bows           | 8 9 11 13 15 17 18 | 18.2
Invocations    | 6 |  6.0
Dodging        | 2 |  2.2
Fighting       | |  2.0
Stealth        | |  0.4

Action                   |  1- 3 |  4- 6 |  7- 9 | 10-12 || total
-------------------------+-------+-------+-------+-------++-------
Melee: Short sword       |    65 |    63 |       |       ||   128
       Kick              |     9 |     5 |       |     2 ||    16
       Mace              |       |       |       |     9 ||     9
 Fire: Shortbow          |     9 |   154 |   571 |   214 ||   948
Invok: Heroism           |       |       |     1 |     1 ||     2
  Use: Scroll            |       |       |     6 |     2 ||     8
  Eat: Chunk             |       |     8 |    10 |     5 ||    23
       Ration            |       |       |     1 |       ||     1
Armor: Leather armour    |    24 |    43 |    36 |    26 ||   129
Dodge: Dodged            |    35 |    55 |    48 |    14 ||   152
       Repelled          |       |       |     4 |     6 ||    10
Block: Other             |       |       |     7 |    14 ||    21
       Reflection        |       |       |       |     3 ||     3
